 Dungeon Crawl Stone Soup version 0.28-a0-511-gcc94558de3 (webtiles) character file.

Game seed: 13678300827048003419

49 barkas the Slasher (level 3, -5/33 HPs)
             Began as a Naga Warper on Sept 21, 2021.
             Slain by a gnoll (8 damage)
             ... on level 3 of the Dungeon.
             The game lasted 00:01:50 (1952 turns).

barkas the Slasher (Naga Warper)                    Turns: 1952, Time: 00:01:51

Health: -5/33      AC:  2    Str: 14    XL:     3   Next: 75%
Magic:  6/6        EV:  9    Int: 13    God:
Gold:   58         SH:  0    Dex: 10    Spells: 6/6 levels left

rFire   . . .      SeeInvis +   a - +0 falchion
rCold   . . .      Faith    .   (no shield)
rNeg    . . .      Spirit   .   b - +0 leather armour
rPois   +          Reflect  .   (no helmet)
rElec   .          Harm     .   (no cloak)
rCorr   .          Rampage  .   (no gloves)
Will    .....                   (no barding)
Stlth   +.........              (no amulet)
HPRegen 0.11/turn               (no ring)
MPRegen 0.10/turn               (no ring)

@: short of breath, very slow
A: AC +1, large, see invisible, deformed body, poison resistance, slowness 2,
spit poison 1, naga tail 1
a: Spit Poison


You were on level 3 of the Dungeon.
You visited 1 branch of the dungeon, and saw 3 of its levels.

You collected 58 gold pieces.

Inventory:

Hand Weapons
 a - a +0 falchion (weapon)
Missiles
 d - 5 boomerangs of dispersal (quivered)
Armour
 b - a +0 leather armour (worn)
Wands
 m - a wand of paralysis (13)
Scrolls
 c - a scroll of blinking
 e - a scroll of identify {unknown}
 f - a scroll of torment {unknown}
 i - a scroll of silence {unknown}
 n - a scroll of magic mapping {unknown}
Potions
 j - a potion of might {unknown}
 k - a potion of curing {unknown}
 l - a potion of brilliance {unknown}


   Skills:
 + Level 2.8 Fighting
 * Level 3.4 Long Blades
 - Level 0.8 Throwing
 - Level 0.7 Armour
 - Level 1.5 Dodging
 - Level 2.0 Spellcasting
 - Level 3.0 Translocations


You had 6 spell levels left.
You didn't know any spells.
Your spell library contained the following spells:

 Spells                   Type           Power      Damage    Failure   Level
 Blink                    Tloc           N/A        N/A       14%         2
 Gell's Gravitas          Tloc           4%         N/A       28%         3
 Lesser Beckoning         Tloc           9%         N/A       28%         3
 Teleport Other           Tloc           9%         N/A       28%         3
 Manifold Assault         Tloc           9%         N/A       95%         5


Dungeon Overview and Level Annotations

Branches:
Dungeon (3/15)

Altars:
Ashenzari
Elyvilon
Makhleb


Innate Abilities, Weirdness & Mutations

Your serpentine skin is tough. (AC +1)
You have supernaturally acute eyesight. (SInv)
Armour fits poorly on your strangely shaped body.
Your system is resistant to poisons. (rPois)
You cover ground very slowly.
You can spit poison.
You have a snake-like lower body.


Message History

2 gnolls come into view.
The gnoll shouts! x2; You hear a shout! x5
A gnoll and a gnoll shaman come into view.
The gnoll shaman shouts!
The gnoll shouts!
An orc comes into view. It is wielding a +0 hand axe.
The gnoll hits you with a +0 spear. The gnoll misses you.
The orc shouts!
The gnoll shaman calls upon its god to speed up the gnoll.
The gnoll seems to speed up.
The gnoll hits you from afar with a +0 spear.
A gnoll comes into view. It is wielding a +0 halberd.
The gnoll barely misses you.
Press: ? - help, Shift-Dir - straight line, f - gnoll shaman
Aim: a gnoll shaman, wielding a +0 whip and wearing a +0 leather armour The splash of poison hits the gnoll shaman.
The gnoll shaman is poisoned.
The gnoll shaman is lightly wounded.
The gnoll hits you from afar with a +0 spear.
The gnoll shaman calls upon its god to speed up the gnoll.
The gnoll seems to speed up.
An orc comes into view. It is wielding a +2 mace of protection.
The gnoll hits you from afar with a +0 spear!
* * * LOW HITPOINT WARNING * * *
It was a potion of lignification.
You turn into a tree.
Your +0 leather armour melds into your body.
Your roots penetrate the ground.
The gnoll hits you from afar with a +0 spear.
* * * LOW HITPOINT WARNING * * *
The gnoll hits you but does no damage.
The gnoll shaman hits you but does no damage.
The gnoll hits you but does no damage.
It was a potion of cancellation.
Your magical effects are unravelling.
You feel magically purged.
You feel less wooden.
Your +0 leather armour unmelds from your body.
The gnoll hits you from afar with a +0 spear.
* * * LOW HITPOINT WARNING * * *
The gnoll hits you from afar with a +0 spear!
You die...

.. #.. ..... .#
##.###.# .# .#
#...##.##.# ..
#####...##.##.# ..#
#...........##...
#................ ####
#........<(...# ..o.
###...##..###.###o.####
#.†.##..# #.@ggg.....
##.####.###.##g..####
######.# #.....# .g...#
.......# #...### .#.###
###.#### #.#.# .....
###.# #.#.# ## #..
≈..### #.#.. #.. .≈.#.#
#.#### .. .≈.#.# #.#


You could see a gnoll shaman (poisoned), 4 gnolls and 2 orcs.

Vanquished Creatures
  An iguana (D:2)
  A dart slug (D:3)
  6 bats
  2 endoplasms (D:3)
  A giant cockroach (D:3)
  A goblin (D:3)
  2 hobgoblins (D:3)
  A ball python (D:1)
  2 frilled lizards
  A kobold (D:2)
  3 rats
21 creatures vanquished.

Vanquished Creatures (others)
  A butterfly (D:3)
1 creature vanquished.

Grand Total: 22 creatures vanquished

Notes
Turn   | Place    | Note
-------+----------+-------------------------------------------
     0 | D:1      | barkas the Naga Warper began the quest for the Orb.
     0 | D:1      | Reached XP level 1. HP: 19/19 MP: 3/3
   367 | D:1      | You fall into a shaft and drop 1 floor!
   921 | D:2      | Reached XP level 2. HP: 24/26 MP: 5/5
  1042 | D:2      | Reached XP level 3. HP: 10/33 MP: 6/6
  1621 | D:3      | Found a burning altar of Makhleb.
  1658 | D:3      | Found a white marble altar of Elyvilon.
  1826 | D:3      | Found a broken altar of Ashenzari.
  1952 | D:3      | Slain by a gnoll

Illustrated notes

Levels and vault maps discovered:
D:1:      shiori_shiawase, layout_loops_ring, kennysheep_crisscross
D:2:      layout_loops_ring, chequers_serial_rivers_large_a
D:3:      layout_loops_ring, mainiacjoe_overflow_alcove_4,
          nicolae_elyvilon_peaceful_grove, mainiacjoe_overflow_paths,
          mainiacjoe_overflow_chevrons, shapermc_ecumenical_altar_mp_highgroup,
          cheibrodos_sewer_entry_bend, minmay_misc_feat_room

Skill      XL: |  1  2 |
---------------+-------+-----
Long Blades    | 3 |  3.4
Fighting       | |  2.8
Throwing       | |  0.8
Armour         | |  0.7
Dodging        | |  1.5
Spellcasting   | |  2.0
Translocations | |  3.0

Action                   || total
-------------------------++-------
Melee: Falchion          ||    75
 Abil: Spit Poison       ||     7
  Use: Potion            ||     2
Armor: Leather armour    ||    21
       Skin              ||     3
Dodge: Dodged            ||    35

Table legend: (Time is in decaauts)
 A = Elapsed time spent in this place.
 B = Non-inter-level travel time spent in this place.
 C = Inter-level travel time spent in this place.
 D = Time resting spent in this place.
 E = Time spent auto-exploring this place.
 F = Levels seen in this place.
 G = Mean time per level.
                   A        B        C        D        E       F      G
               +--------+--------+--------+--------+--------+-----+--------+
         Total |   2555 |   2427 |    128 |      0 |   2000 |   3 |  851.7 |
       Dungeon |   2555 |   2427 |    128 |      0 |   2000 |   3 |  851.7 |
               +--------+--------+--------+--------+--------+-----+--------+

Top non-repeatable levels by time:
     D:2: 1186 daAuts
     D:1: 924 daAuts
     D:3: 443 daAuts
